 Dungeon Crawl Stone Soup version 0.31-a0-1388-g4b2ba238e7 (webtiles) character file.

Game seed: 11412394123498144555

168 MisterAzrael the Changeling (level 5, -5/49 HPs)
             Began as an Octopode Shapeshifter on Dec 24, 2023.
             Slain by an ogre
             ... wielding a +0 giant club
              (12 damage)
             ... on level 4 of the Dungeon.
             The game lasted 00:02:00 (1720 turns).

MisterAzrael the Changeling (Octopode Shapeshifter) Turns: 1720, Time: 00:02:01

Health: -5/49      AC: 22    Str: 15    XL:     5   Next: 48%
Magic:  14/14      EV:  2    Int: 12    God:
Gold:   178        SH:  0    Dex: 12    Spells: 4/4 levels left

rFire   . .          .
                       - Unarmed
rCold   . . .        (no shield)
rNeg    . . .        (helmet currently unavailable)
rPois   +            (no amulet)
rElec   .            o - ring of magical power
rCorr   .            (no ring)
SInv    .            (no ring)
Will    .....        (no ring)
Stlth   +            (no ring)
HPRegen 0.28/turn    (no ring)
MPRegen 0.14/turn    (no ring)
                     (no ring)

%: no passive effects
@: tree-form
A: stationary, stasis, torment immunity, boosted hp, almost no armour,
(amphibious), 8 rings, (camouflage 1), (gelatinous body 1), (nimble swimmer 1),
(tentacles)
a: no special abilities


You were on level 4 of the Dungeon.
You were a tree.
You visited 1 branch of the dungeon, and saw 4 of its levels.

You collected 178 gold pieces.

Inventory:

Jewellery
 o - a ring of magical power (left branch)
Talismans
 b - a beast talisman
 c - a flux talisman
Scrolls
 e - a scroll of torment {unknown}
 f - 3 scrolls of teleportation {unknown}
 j - 4 scrolls of identify {unknown}
 m - a scroll of blinking {unknown}
Potions
 d - 2 potions of resistance {unknown}
 g - a potion of degeneration {unknown}
 h - a potion of cancellation {unknown}
 i - a potion of ambrosia {unknown}
 k - a potion of attraction {unknown}
 l - a potion of invisibility {unknown}
 n - 3 potions of curing {unknown}


   Skills:
 - Level 1.0 Fighting
 - Level 2.4 Dodging
 + Level 4.2 Unarmed Combat
 * Level 4.6 Shapeshifting


You had 4 spell levels left.
You didn't know any spells.
Your spell library contained the following spells:

 Spells                   Type           Power      Damage    Failure   Level
 Dazzling Flash           Conj/Hex       0%         N/A       69%         3
 Volatile Blastmotes      Fire/Tloc      0%         2d10      69%         3
 Starburst                Conj/Fire      0%         6d3       100%        6
 Maxwell's Capacitive Co  Air            0%         ∞         100%        8


Dungeon Overview and Level Annotations

Branches:
Dungeon (4/15)
 Temple: D:4-7

Altars:
Dithmenos
Kikubaaqudgha

Shops:
D:3 (=:[=


Innate Abilities, Weirdness & Mutations

You are a tree.
Your roots penetrate the ground, keeping you stationary.
You cannot be teleported.
You are immune to unholy pain and torment.
Your maximum health is greatly increased.
You cannot wear most types of armour.
((You are amphibious.))
You can wear up to eight rings at the same time.
((Your skin changes colour to match your surroundings (Stealth+).))
((Your rubbery body absorbs attacks. (AC +1, EV +1)))
((You are camouflaged when in or above water. (Stealth+)))
((You have tentacles for arms and can constrict up to eight enemies at once.))


Message History

You now have 164 gold pieces (gained 12).
You now have 178 gold pieces (gained 14).
n - 3 green potions (gained 2)
Found Niasu's Jewellery Shoppe.
There is an entrance to Niasu's Jewellery Shoppe here.
You can access your shopping list by pressing '$'.
You open the door.
Found Qopam's Weapon Emporium.
There is an open door here.
There is a dry fountain here.
There is an entrance to Qopam's Weapon Emporium here.
You open the door.
There is an open door here.
Done exploring.
Done exploring.
No target in view!
No target in view!
Done exploring.
Done exploring.
What level of the Dungeon? (default 3, ? - help)
You open the door.
There is an open door here.
You open the door.
There is an open door here.
There is a stone staircase leading down here.
You climb downwards.
Found a scroll labelled TAVIOQ WUSIC and 3 poisoned darts.
Found a stone staircase leading up.
There is a stone staircase leading up here.
An ogre is nearby!
An ogre is nearby!
The ogre hits you with a +0 giant club!!
Ouch! That really hurt!
* * * LOW HITPOINT WARNING * * *
Your transformation has ended.
You turn into a tree.
Your roots penetrate the ground.
You hit the ogre.
The ogre is lightly wounded.
The ogre hits you with a +0 giant club!
You die...

... ... ##### ..#
...####..# .#
##.##.....
....##<....# #####
.?..<.......#.....#
..#..###...♣..#
(... ##...O.# #.#
#.....# # #######


You could see an ogre.

Vanquished Creatures
  A scorpion (D:3)
  Jessica (D:2)
  4 gnolls (D:3)
  An adder (D:3)
  A worm (D:3)
  A dart slug (D:2)
  An orc (D:3)
  3 bat zombies (D:3)
  3 endoplasms
  2 goblins
  5 hobgoblins
  A quokka (D:3)
  5 ball pythons
  2 bats
  A frilled lizard (D:1)
  2 kobolds
  2 rats (D:2)
36 creatures vanquished.

Notes
Turn   | Place    | Note
-------+----------+-------------------------------------------
     0 | D:1      | MisterAzrael the Octopode Shapeshifter began the quest for
                  | the Orb.
     0 | D:1      | Reached XP level 1. HP: 13/13 MP: 1/1
   235 | D:1      | You fall into a shaft and drop 1 floor!
   255 | D:2      | Reached XP level 2. HP: 18/18 MP: 2/2
   307 | D:2      | Noticed Jessica
   310 | D:2      | Killed Jessica
   311 | D:2      | Reached XP level 3. HP: 23/23 MP: 3/3
   812 | D:3      | Found Keiclata's Jewellery Shoppe.
   875 | D:3      | Reached XP level 4. HP: 24/28 MP: 4/4
   894 | D:3      | Found Dalafou's Armour Shop.
  1303 | D:3      | Noticed a scorpion
  1309 | D:3      | Killed a scorpion
  1310 | D:3      | Reached XP level 5. HP: 22/33 MP: 5/5
  1386 | D:3      | Found Quebik's Book Boutique.
  1508 | D:3      | Found an ancient bone altar of Kikubaaqudgha.
  1548 | D:3      | Found a shadowy altar of Dithmenos.
  1628 | D:3      | Found Niasu's Jewellery Shoppe.
  1681 | D:3      | Found Qopam's Weapon Emporium.
  1714 | D:4      | Noticed an ogre
  1720 | D:4      | Slain by an ogre

Illustrated notes

Levels and vault maps discovered:
D:1:      lightli_arrival_noodles, layout_loops_corners, serial_shops,
          shop_statue
D:2:      layout_loops_ring, uniq_jessica
D:3:      layout_rooms, grunt_dithmenos_smoke,
          lemuel_zombie_altar_kikubaaqudgha, serial_shops, shop,
          nicolae_lakefront_shop, nicolae_shop_rolling_square,
          nicolae_square_shop, nicolae_shop_just_a_little_nook,
          grunt_ministairs_7, minmay_misc_feat_rugged, grunt_decor_one_mirror,
          minivault_5
D:4:      layout_basic, mainiacjoe_overflow_tiny_flanked, dk_rats_in_the_wall,
          uniq_ijyb, uniq_edmund

Skill      XL: |  1  2  3  4 |
---------------+-------------+-----
Shapeshifting  | 4 |  4.6
Unarmed Combat | 4 |  4.2
Fighting       | |  1.0
Dodging        | |  2.4

Action                     |  1- 3 |  4- 6 || total
---------------------------+-------+-------++-------
  Melee: Unarmed           |    41 |    26 ||    67
         Constrict         |    10 |     7 ||    17
         Tentacles         |     3 |     8 ||    11
         Punch             |     2 |     2 ||     4
    Use: Potion            |       |     1 ||     1
   Stab: Sleeping          |     2 |     3 ||     5
 Armour: Skin              |     5 |     9 ||    14
  Dodge: Dodged            |    26 |    15 ||    41

Table legend: (Time is in decaauts)
 A = Elapsed time spent in this place.
 B = Non-inter-level travel time spent in this place.
 C = Inter-level travel time spent in this place.
 D = Time resting spent in this place.
 E = Time spent auto-exploring this place.
 F = Levels seen in this place.
 G = Mean time per level.
                   A        B        C        D        E       F      G
               +--------+--------+--------+--------+--------+-----+--------+
         Total |   1713 |   1656 |     57 |    173 |   1263 |   4 |  428.2 |
       Dungeon |   1713 |   1656 |     57 |    173 |   1263 |   4 |  428.2 |
               +--------+--------+--------+--------+--------+-----+--------+

Top non-repeatable levels by time:
     D:3: 900 daAuts
     D:2: 573 daAuts
     D:1: 234 daAuts
     D:4: 5 daAuts
